 Dungeon Crawl Stone Soup version 0.25-a0-665-ga69d64035b (webtiles) character file.

Game seed: 8599883686726151907, levelgen mode: deterministic

23 kae the Gusty (level 2, 0/15 HPs)
             Began as a Tengu Air Elementalist on Mar 26, 2020.
             Hit by a javelin thrown by a hobgoblin (2 damage)
             ... on level 1 of the Dungeon.
             The game lasted 00:00:44 (771 turns).

kae the Gusty (Tengu Air Elementalist)               Turns: 771, Time: 00:00:45

Health: 0/15       AC:  2    Str:  8    XL:     2   Next: 95%
Magic:  3/6        EV: 12    Int: 15    God:
Gold:   12         SH:  0    Dex: 14    Spells: 4/5 levels left

rFire    . . .     SeeInvis .   (no weapon)
rCold    . . .     Gourm    .   (no shield)
rNeg     . . .     Faith    .   a - +0 robe
rPois    .         Spirit   .   (helmet restricted)
rElec    .         Reflect  .   (no cloak)
rCorr    .         Harm     .   (no gloves)
MR       .....                  (boots unavailable)
Stlth    ++........             (no amulet)
HPRegen  0.05/turn              (no ring)
MPRegen  0.10/turn              (no ring)

@: no status effects
A: beak, talons 3
a: no special abilities


You were on level 1 of the Dungeon.
You were not hungry.

You visited 1 branch of the dungeon, and saw 1 of its levels.

You collected 12 gold pieces.

Inventory:

Armour
 a - a +0 robe (worn)
Scrolls
 b - a scroll of random uselessness {unknown}
Potions
 d - a potion of lignification {unknown}
 e - a potion of curing {unknown}
 g - a potion of might {unknown}
Comestibles
 c - a ration
 f - a chunk of flesh


   Skills:
 - Level 2.1 Dodging
 - Level 2.0 Stealth
 + Level 2.3 Spellcasting
 * Level 2.8 Conjurations
 + Level 4.3 Air Magic


You had 4 spell levels left.
You knew the following spells:

 Your Spells              Type           Power        Failure   Level  Hunger
a - Shock                 Conj/Air       ##..         4%          1    #......

Your spell library contained the following spells:

 Spells                   Type           Power        Failure   Level  Hunger
 Swiftness                Chrm/Air       #.......     13%         2    ###....
 Static Discharge         Conj/Air       ##......     14%         3    ###....
 Airstrike                Air            ##........   34%         4    #####..
 Lightning Bolt           Conj/Air       ##........   80%         5    ######.


Dungeon Overview and Level Annotations

Branches:
Dungeon (1/15)

Altars:


Innate Abilities, Weirdness & Mutations

You have a beak for a mouth.
You have claws for feet.


Message History

You don't have enough magic to cast that spell.
Casting: Shock (safe; 4% risk of failure)
Confirm with . or Enter, or press ? or * to list all spells.
You don't have enough magic to cast that spell.
Casting: Shock (safe; 4% risk of failure)
Confirm with . or Enter, or press ? or * to list all spells.
You don't have enough magic to cast that spell.
Casting: Shock (safe; 4% risk of failure)
Confirm with . or Enter, or press ? or * to list all spells.
You don't have enough magic to cast that spell.
The hobgoblin throws a javelin.
The javelin pierces through you.
The hobgoblin throws a javelin.
The javelin pierces through you!
Ouch! That really hurt!
* * * LOW HITPOINT WARNING * * *
The hobgoblin throws a javelin.
The javelin barely misses you.
You see here 2 javelins.
The hobgoblin throws a javelin.
The javelin pierces through you.
* * * LOW HITPOINT WARNING * * *
The hobgoblin throws a javelin.
The javelin pierces through you.
You die...

#..###..########÷# #... #..# #g.#
#.# #### ##..# #..# #.# ....#
#..# #)# ###.# #..# #.# #.# #..#
#.# #†# #..########.###
###.###..g..........#############
................@................
###........######################
#.####.#.# #.# #....# #.# ####.#
### ###


You could see a hobgoblin.

Vanquished Creatures
  2 dart slugs (D:1)
  A leopard gecko (D:1)
  2 bats (D:1)
  2 giant cockroaches (D:1)
  2 goblins (D:1)
  2 hobgoblins (D:1)
  3 kobolds (D:1)
  A frilled lizard (D:1)
  A rat (D:1)
16 creatures vanquished.

Notes
Turn   | Place    | Note
-------+----------+-------------------------------------------
     0 | D:1      | kae the Tengu Air Elementalist began the quest for the Orb.
     0 | D:1      | Reached XP level 1. HP: 10/10 MP: 4/4
   427 | D:1      | Reached XP level 2. HP: 4/15 MP: 0/6
   771 | D:1      | Hit by a javelin thrown by a hobgoblin

Levels and vault maps discovered:
D:1:      tarquinn_simple_flora_water_f, layout_basic, minmay_strange_pillars,
          minmay_bisected

Skill      XL: |  1 |
---------------+----+-----
Conjurations   | 2 |  2.8
Dodging        | |  2.1
Stealth        | |  2.0
Spellcasting   | |  2.3
Air Magic      | |  4.3

Action                   || total
-------------------------++-------
Melee: Unarmed           ||    19
       Kick              ||     6
       Peck              ||     4
 Cast: Shock             ||    28
Armor: Robe              ||     7
Dodge: Dodged            ||    19

Table legend:
 A = Non-vault XP
 B = Vault XP
 C = Vault XP percentage of total XP
 D = Non-vault monster count
 E = Vault monster count
 F = Vault count percentage of total count
                 A         B        C        D         E       F
            +---------+---------+-------+---------+---------+-------
      Total |      27 |       6 |  18.2 |      14 |       2 |  12.5
            +---------+---------+-------+---------+---------+-------
        D:1 |      27 |       6 |  18.2 |      14 |       2 |  12.5
            +---------+---------+-------+---------+---------+-------
